 Dungeon Crawl Stone Soup version 0.27-a0-1332-g84bddb5ca7 (webtiles) character file.

Game seed: 1660512674969761979

2 Brandom the Sneak (level 1, -2/18 HPs)
             Began as a Demigod Delver on June 26, 2021.
             Succumbed to an adder's poison
             ... on level 3 of the Dungeon.
             The game lasted 00:00:40 (199 turns).

Brandom the Sneak (Demigod Delver)                   Turns: 199, Time: 00:00:41

Health: -2/18      AC:  3    Str: 13    XL:     1   Next: 26%
Magic:  3/3        EV: 12    Int: 12    God:
Gold:   0          SH:  0    Dex: 15    Spells: 0/0 levels left

rFire    . . .     SeeInvis .   a - +0 falchion
rCold    . . .     Faith    .   (no shield)
rNeg     . . .     Spirit   .   b - +0 leather armour
rPois    .         Reflect  .   (no helmet)
rElec    .         Harm     .   (no cloak)
rCorr    .         Rampage  .   (no gloves)
Will     .....                  (no boots)
Stlth    +++.......             (no amulet)
HPRegen  0.06/turn              (no ring)
MPRegen  0.08/turn              (no ring)

@: lethally poisoned (-2 -> -13)
A: high mp 1, forlorn
a: no special abilities


You were on level 3 of the Dungeon.
You visited 1 branch of the dungeon, and saw 3 of its levels.

Inventory:

Hand Weapons
 a - a +0 falchion (weapon)
Armour
 b - a +0 leather armour (worn)
Wands
 v - a wand of digging (3)
Scrolls
 c - a scroll of fog
 d - a scroll of magic mapping
 e - a scroll of fear
Potions
 f - a potion of haste {@q3}


   Skills:
 * Level 2.7 Fighting
 * Level 1.8 Long Blades
 + Level 0.1 Armour
 + Level 1.8 Dodging
 - Level 4.5 Stealth


You couldn't memorise any spells.
You didn't know any spells.
Your spell library was empty.

Dungeon Overview and Level Annotations

Branches:
Dungeon (5/15)             Temple (0/1) D:5


Innate Abilities, Weirdness & Mutations

Your attributes grow dramatically as you level up.
You have an increased reservoir of magic. (+10% MP)
You shall have no god before yourself.


Message History

The ball python closely misses you. x2
You hit the ball python.
The ball python bites you but does no damage.
The ball python misses you. The ball python bites you.
The ball python closely misses you.
You closely miss the ball python. The ball python barely misses you. x2
You hit the ball python.
You kill the ball python!
No target in view!
No target in view!
You see here a ball python corpse.
You open the door.
There is an open door here.
An orc priest comes into view. It is wielding a +1 whip of flaming.
You open the door.
There is an open door here.
Found a stone staircase leading up.
An orc comes into view. It is wielding a +0 dagger.
There is a stone staircase leading up here.
You climb upwards.
An adder comes into view.
There is a stone staircase leading down here.
The adder hisses angrily.
The adder completely misses you.
You hit the adder. The adder bites you.
You are poisoned.
The adder poisons you!
You hit the adder.
You feel sick. The adder bites you.
You are more poisoned.
The adder poisons you! The adder closely misses you.
You hit the adder.
You feel sick. The adder bites you.
* * * LOW HITPOINT WARNING * * *
You are lethally poisoned!
The adder poisons you!
You barely miss the adder.
* * * LOW HITPOINT WARNING * * *
You feel very sick. The adder bites you.
* * * LOW HITPOINT WARNING * * *
You are more poisoned.
The adder poisons you! The adder closely misses you.
You riposte.
You miss the adder. You closely miss the adder.
* * * LOW HITPOINT WARNING * * *
You feel very sick. The adder closely misses you.
You riposte.
You hit the adder but do no damage. The adder bites you but does no damage.
You slash the adder!
You kill the adder!
You die...

####### #.@...#
#.†...#
####.....######
.......>......#
####.....####.#
#.......# #.#
#...........#
#.......#####
#........


There were no monsters in sight!

Vanquished Creatures
  An adder (D:3)
  A ball python (D:4)
  A quokka (D:5)
3 creatures vanquished.

Notes
Turn   | Place    | Note
-------+----------+-------------------------------------------
     0 | D:5      | Brandom the Demigod Delver began the quest for the Orb.
     0 | D:5      | Reached XP level 1. HP: 18/18 MP: 3/3
     0 | D:5      | Found a staircase to the Ecumenical Temple.
   154 | D:4      | Noticed an orc priest
   199 | D:3      | Succumbed to an adder's poison

Illustrated notes

Levels and vault maps discovered:
D:3:      layout_basic, lemuel_old_faithful
D:4:      layout_gridville, kennysheep_slug_shrine
D:5:      layout_basic, minmay_temple_entry_trees

Action                   || total
-------------------------++-------
Melee: Falchion          ||    12
Armor: Leather armour    ||     2
Dodge: Dodged            ||    12
       Rpst.: Falchion   ||     3

Table legend: (Time is in decaauts)
 A = Elapsed time spent in this place.
 B = Non-inter-level travel time spent in this place.
 C = Inter-level travel time spent in this place.
 D = Time resting spent in this place.
 E = Time spent auto-exploring this place.
 F = Levels seen in this place.
 G = Mean time per level.
                   A        B        C        D        E       F      G
               +--------+--------+--------+--------+--------+-----+--------+
         Total |    201 |    201 |      0 |      0 |    133 |   3 |   67.0 |
       Dungeon |    201 |    201 |      0 |      0 |    133 |   3 |   67.0 |
               +--------+--------+--------+--------+--------+-----+--------+

Top non-repeatable levels by time:
     D:5: 116 daAuts
     D:4: 60 daAuts
     D:3: 24 daAuts
